AoeStats
← taj37taj

Arena

508159797Analyzed
1v1 RM · 10d ago on Sep 21, 2026· 58m 37s· 2 players
Game mode
Random Map
Map size
Tiny (2 player)
Population
200
Speed
Normal
Resources
Standard
Victory
Conquest
Starting age
Dark Age
Ending age
Imperial Age
RankedLock teamsTeams togetherTeam positionsShared explorationLock speedFull tech treeHidden civsTurbo modeCheats
Victory
Defeat
🇦🇺 Malians · Australia
702
+13
🇨🇳 Chinese · China
633
-13
帝国的铁手
12:56 Feudal Age
17:02 Castle Age
15:07 Double-Bit Axe
15:47 Horse Collar
16:12 Stone Mining
16:46 Gold Mining
17:05 Loom
18:30 Heavy Plow
19:34 Bow Saw
26:17 Gold Shaft Mining
30:16 Wheelbarrow
31:14 Pikeman
31:41 Arson
36:21 Imperial Age
34:29 Hand Cart
34:04 Town Watch
35:04 Town Patrol
35:44 Stone Shaft Mining
35:12 Scale Mail Armor
35:23 Great Wall
35:16 Elite Skirmisher
35:59 Husbandry
36:10 Bloodlines
35:21 Light Cavalry
36:03 Squires
35:25 Man-at-Arms
36:20 Long Swordsman
37:08 Thumb Ring
36:24 Crossbowman
37:10 Padded Archer Armor
37:01 Fletching
37:27 Chain Mail Armor
37:08 Heavy Rocket Cart
37:11 Capped Ram
38:14 Conscription
38:07 Scale Barding Armor
38:19 Leather Archer Armor
38:15 Forging
37:36 Halberdier
37:37 Two-Handed Swordsman
39:14 Ballistics
39:56 Chemistry
39:07 Fortified Wall
38:23 Elite Fire Lancer
39:29 Siege Ram
40:55 Champion
41:06 Cavalier
44:37 Ring Archer Armor
44:03 Bodkin Arrow
44:39 Plate Mail Armor
44:30 Chain Barding Armor
taj37taj
10:53 Feudal Age
11:19 Double-Bit Axe
11:16 Horse Collar
12:40 Wheelbarrow
13:01 Loom
13:32 Loom
19:59 Castle Age
19:15 Forging
19:17 Scale Barding Armor
20:14 Bloodlines
21:40 Bow Saw
20:58 Light Cavalry
21:39 Husbandry
21:56 Heavy Plow
22:33 Town Watch
24:26 Hand Cart
27:38 Chain Barding Armor
27:39 Fletching
27:50 Padded Archer Armor
28:49 Thumb Ring
28:05 Elite Skirmisher
30:47 Squires
30:36 Arson
31:09 Scale Mail Armor
32:57 Town Patrol
36:56 Imperial Age
34:24 Man-at-Arms
35:25 Bodkin Arrow
35:45 Leather Archer Armor
36:41 Iron Casting
36:22 Chain Mail Armor
36:26 Treadmill Crane
37:08 Ballistics
37:04 Masonry
36:50 Murder Holes
37:01 Long Swordsman
37:02 Pikeman
38:14 Ring Archer Armor
39:11 Chemistry
38:41 Architecture
38:40 Conscription
37:55 Sappers
38:42 Farimba
39:00 Gold Mining
39:00 Stone Mining
40:06 Plate Barding Armor
40:06 Plate Mail Armor
42:06 Two-Handed Swordsman
43:09 Champion
48:19 Gold Shaft Mining
48:22 Stone Shaft Mining
50:35 Crossbowman
50:47 Cavalier
52:11 Arbalester
Connection lost

Rejoining the realm…

Still unreachable

The connection could not be restored.

Session expired

The server has moved on; the page needs a fresh start.